[Event "Titled Tuesday Blitz November 07 Early 2023"]
[White "subham777"]
[Black "Mitrabha, Guha"]
[BlackFideId "5057000"]
[WhiteElo "2481"]
[BlackElo "2882"]
[Result "0-1"]
[Round "1"]
[TimeControl "180+1"]
[Date "2023.11.07"]
[WhiteClock "0:00:02"]
[BlackClock "0:00:13"]
[Board "46"]

1. e4 e6 2. Nf3 d5 3. Nc3 c5 4. exd5 exd5 5. d4 Nc6 6. Bb5 Nf6 7. O-O Be7 8. dxc5 O-O 9. Re1 Bg4 10. Bxc6 bxc6 11. Be3 Rb8 12. b3 Re8 13. h3 Bh5 14. g4 Nxg4 15. hxg4 Bxg4 16. Bd4 Qc8 17. Qd3 Rb4 18. Ne5 Bf5 19. Qd2 Bf6 20. Nxd5 Rxd4 21. Nxf6+ gxf6 22. Qxd4 fxe5 23. Rxe5 Rd8 24. Qf4 Bg6 25. Rae1 Kg7 26. Re7 Rd5 27. R7e5 Rd8 28. c4 Qh3 29. R5e3 Qc8 30. Qe5+ Kg8 31. Qf6 Rf8 32. Rg3 Qa6 33. a4 Qb7 34. Ree3 Qd7 35. Qd6 Qc8 36. Ref3 Rd8 37. Qf4 Qe6 38. Re3 Qd7 39. Qf6 Rf8 40. Kg2 a5 41. Ref3 Re8 42. Re3 Rf8 43. Re5 Qd4 44. Qd6 Qf4 45. Ree3 Qh4 46. Rh3 Qg4+ 47. Rhg3 Qc8 48. Qe5 Rd8 49. Qf6 Rf8 50. Ref3 Qd7 51. Qh4 Re8 52. Re3 Rb8 53. Qe7 Qf5 54. Qe5 Qc8 55. Ref3 Qb7 56. Rf6 Rd8 57. Rd6 Rf8 58. Qf6 Qa8 59. Re3 Qc8 60. Kg1 Qg4+ 61. Rg3 Qe4 62. Re3 Qb1+ 63. Kg2 Be4+ 64. Kg3 Qg1+ 65. Kf4 Bg6 66. Rf3 Re8 67. Rd8 Qh2+ 68. Rg3 Qxf2+ 69. Rf3 Qh2+ 70. Rg3 Rxd8 71. Qxd8+ Kg7 72. Qd4+ Kh6 73. Qf2 Qxf2+ 74. Rf3 Qd4+ 75. Kg3 Qxc5 0-1


[Site "https://www.chess.com"]

[Event "Titled Tuesday Blitz November 07 Early 2023"]
[White "Kazakouski, Valery"]
[Black "Willy, Stephen"]
[WhiteFideId "13507443"]
[BlackFideId "30981468"]
[WhiteElo "2874"]
[BlackElo "2479"]
[Result "1-0"]
[Round "1"]
[TimeControl "180+1"]
[Date "2023.11.07"]
[WhiteClock "0:02:06"]
[BlackClock "0:00:00"]
[Board "47"]

1. Nf3 c5 2. e4 a6 3. c4 Nc6 4. d4 cxd4 5. Nxd4 e5 6. Nf5 d5 7. cxd5 Bxf5 8. exf5 Nd4 9. Bd3 Nf6 10. Nc3 Nxd5 11. O-O Be7 12. Be4 Nb4 13. Bxb7 Rb8 14. Be4 O-O 15. Qh5 g6 16. Qg4 Rc8 17. Bh6 Bf6 18. Bxf8 h5 19. Qh3 Qxf8 20. fxg6 fxg6 21. Bxg6 Rc7 22. a3 Nbc6 23. Nd5 1-0


[Site "https://www.chess.com"]

[Event "Titled Tuesday Blitz November 07 Early 2023"]
[White "Remolar Gallen, Jose"]
[Black "Taher, Yoseph Theolifus"]
[WhiteFideId "2215187"]
[BlackFideId "7105347"]
[WhiteElo "2476"]
[BlackElo "2870"]
[Result "0-1"]
[Round "1"]
[TimeControl "180+1"]
[Date "2023.11.07"]
[WhiteClock "0:00:03"]
[BlackClock "0:00:30"]
[Board "48"]

1. e4 c5 2. Nf3 g6 3. d4 cxd4 4. Qxd4 Nf6 5. e5 Nc6 6. Qa4 Nd5 7. Qe4 Ndb4 8. Bb5 Qa5 9. Nc3 d5 10. exd6 Bf5 11. Qe5 f6 12. Bxc6+ Nxc6 13. Qxa5 Nxa5 14. dxe7 Bxe7 15. Bh6 O-O-O 16. O-O Nc4 17. b3 Na3 18. Rad1 Bxc2 19. Rxd8+ Rxd8 20. Rc1 Bb4 21. Nb5 Rd1+ 22. Rxd1 Bxd1 23. Nxa3 Bxa3 24. Be3 a6 25. Nd4 Bg4 26. f3 Bd7 27. Nc2 Bd6 28. Bd4 Kc7 29. Bxf6 Bf5 30. Nd4 Bb1 31. a4 Bc5 32. Kf1 Kd6 33. Ke1 Kd5 34. Ne2 Bc2 35. Nc1 Be3 36. Bb2 Bg1 37. h3 Be3 38. Ke2 Bg5 39. g3 h5 40. f4 Be7 41. Kd2 Bf5 42. h4 Bc5 43. Nd3 Ba7 44. Be5 Ke4 45. Ke2 Bg4+ 46. Kd2 Kf3 47. Bd6 Bf5 48. Ne5+ Kxg3 49. Nc4 Kxh4 50. Na5 b5 51. Nc6 Bb6 52. a5 Bf2 53. Nb8 Bc8 54. Nc6 Kg4 55. Ne7 Bf5 56. Nd5 h4 57. Nc7 h3 0-1


[Site "https://www.chess.com"]

[Event "Titled Tuesday Blitz November 07 Early 2023"]
[White "Kravtsiv, Martyn"]
[Black "Ziatdinov, Raset"]
[WhiteFideId "14113147"]
[BlackFideId "2015323"]
[WhiteElo "2869"]
[BlackElo "2475"]
[Result "0-1"]
[Round "1"]
[TimeControl "180+1"]
[Date "2023.11.07"]
[WhiteClock "0:00:00"]
[BlackClock "0:00:11"]
[Board "49"]

1. e4 e5 2. Nf3 Nc6 3. Nc3 Nf6 4. a4 Be7 5. d4 exd4 6. Nxd4 O-O 7. Nxc6 bxc6 8. Bd3 d5 9. O-O Bg4 10. f3 Be6 11. e5 Nd7 12. f4 f5 13. Ne2 c5 14. Kh1 c4 15. Nd4 Nc5 16. Be2 Qd7 17. Be3 Ne4 18. g4 c5 19. Nxf5 Bxf5 20. gxf5 Rxf5 21. Rg1 Qe6 22. c3 Rd8 23. Qc2 Rdf8 24. Rg4 h5 25. Rg2 Rxf4 26. Rag1 g5 27. Bxf4 Rxf4 28. Bxh5 Qxe5 29. a5 d4 30. cxd4 Qd5 31. h3 Bd6 32. Re1 Nf2+ 33. Kg1 Nxh3+ 34. Kh1 Nf2+ 35. Kg1 Nd3 0-1


[Site "https://www.chess.com"]

[Event "Titled Tuesday Blitz November 07 Early 2023"]
[White "dodoucb"]
[Black "Alexandre, Anne Shopie Elizabeth"]
[BlackFideId "11902418"]
[WhiteElo "2474"]
[BlackElo "2868"]
[Result "1/2-1/2"]
[Round "1"]
[TimeControl "180+1"]
[Date "2023.11.07"]
[WhiteClock "0:00:11"]
[BlackClock "0:00:15"]
[Board "50"]

1. d4 Nf6 2. Nf3 e6 3. c4 d5 4. Nc3 c6 5. e3 Nbd7 6. Bd3 dxc4 7. Bxc4 b5 8. Bb3 a6 9. O-O c5 10. Qe2 Bb7 11. dxc5 Nxc5 12. Rd1 Qb6 13. Bc2 b4 14. Na4 Qb5 15. Qxb5+ axb5 16. Nxc5 Bxc5 17. Nd4 Ba6 18. Nb3 Be7 19. Bd3 O-O 20. Bd2 Rab8 21. Rac1 Bb7 22. Nd4 Bd5 23. b3 Ra8 24. Rc2 Ra5 25. Bxb5 Be4 26. Rb2 Rfa8 27. Bc6 Rxa2 28. Rxa2 Rxa2 29. Bxe4 Nxe4 30. Nc6 Rxd2 31. Nxe7+ Kf8 32. Rxd2 Nxd2 33. Nc6 Nxb3 34. Nxb4 Ke7 35. Nd3 Kd6 36. f3 Nc5 37. Nb4 Na4 38. Nd3 Kd5 39. Nf4+ Ke5 40. Nd3+ Kd6 41. Kf2 e5 42. e4 f6 43. g3 Nc3 44. Ke3 Ke6 45. f4 Nb5 46. Nc5+ Ke7 47. Nb3 Nd6 48. Kd3 Ke6 49. Nc5+ Ke7 50. Ke3 g6 51. Nd3 Ke6 52. Nc5+ Ke7 53. Nd3 Nf7 54. Nb4 Ke6 55. Nd3 Kd6 56. Nb4 Nd8 57. Nd5 Ke6 58. Nc7+ Kf7 59. Kd3 Nc6 60. Nb5 Ke6 61. Nc7+ Kd6 62. Ne8+ Ke7 63. Nc7 exf4 64. gxf4 Nd8 65. Nd5+ Ke6 66. Nc7+ Kf7 67. Nb5 Nc6 68. Ke3 Ke7 69. Nc3 Na5 70. Nd5+ Kf7 71. Kd4 Nc6+ 72. Ke3 Nd8 73. f5 Nc6 74. Kf4 g5+ 75. Ke3 h5 76. Nc7 Ne5 77. h3 Kg7 78. Ne6+ Kf7 79. Nc7 Nd7 80. Ne6 Ne5 81. Nc7 1/2-1/2


[Site "https://www.chess.com"]

[Event "Titled Tuesday Blitz November 07 Early 2023"]
[White "Golizadeh, Asghar"]
[Black "Grochal, Joey"]
[WhiteFideId "12505269"]
[BlackFideId "1019945"]
[WhiteElo "2866"]
[BlackElo "2472"]
[Result "1-0"]
[Round "1"]
[TimeControl "180+1"]
[Date "2023.11.07"]
[WhiteClock "0:01:14"]
[BlackClock "0:00:51"]
[Board "51"]

1. e4 e5 2. Nc3 Nf6 3. Bc4 Bc5 4. d3 h6 5. f4 d6 6. Nf3 Nc6 7. f5 Na5 8. Qe2 Nxc4 9. dxc4 a6 10. Be3 Bxe3 11. Qxe3 Qd7 12. g4 Qc6 13. Qd3 Nxg4 14. Rg1 Nf6 15. Rxg7 Nh5 16. Rg4 Nf4 17. Rxf4 exf4 18. Qd4 Rg8 19. Nd5 Rg2 20. O-O-O Qc5 21. Qf6 Kf8 22. Qh8+ Rg8 23. Qxh6+ 1-0


[Site "https://www.chess.com"]

[Event "Titled Tuesday Blitz November 07 Early 2023"]
[White "Czerw, Dawid"]
[Black "Henriquez Villagra, Cristobal"]
[WhiteFideId "1145746"]
[BlackFideId "3409350"]
[WhiteElo "2470"]
[BlackElo "2865"]
[Result "0-1"]
[Round "1"]
[TimeControl "180+1"]
[Date "2023.11.07"]
[WhiteClock "0:00:00"]
[BlackClock "0:00:09"]
[Board "52"]

1. d4 Nf6 2. c4 g6 3. Nc3 Bg7 4. e4 d6 5. Nf3 O-O 6. Be2 Na6 7. O-O e5 8. Be3 Qe7 9. Qc2 Nb4 10. Qb1 c5 11. dxe5 dxe5 12. Nd5 Nbxd5 13. cxd5 Ng4 14. Bg5 f6 15. Bd2 f5 16. b4 fxe4 17. Ng5 e3 18. Bxg4 exf2+ 19. Rxf2 Rxf2 20. Kxf2 Bxg4 21. Qb3 Kh8 22. d6 Rf8+ 23. Kg1 Qxd6 24. Be3 e4 25. Re1 Qd7 26. h3 Bf5 27. Rd1 c4 28. Qc2 Qc7 29. Bd4 Bxd4+ 30. Rxd4 Qb6 31. Qf2 c3 32. Nxh7 Kxh7 33. Qh4+ Kg8 0-1


[Site "https://www.chess.com"]

[Event "Titled Tuesday Blitz November 07 Early 2023"]
[White "Nenezic, Marko"]
[Black "Merino Garcia, Rafael II"]
[WhiteFideId "912123"]
[BlackFideId "2209128"]
[WhiteElo "2864"]
[BlackElo "2469"]
[Result "1-0"]
[Round "1"]
[TimeControl "180+1"]
[Date "2023.11.07"]
[WhiteClock "0:00:43"]
[BlackClock "0:00:27"]
[Board "53"]

1. d4 Nf6 2. c4 e6 3. Nc3 Bb4 4. e3 b6 5. Ne2 Bb7 6. Ng3 O-O 7. Bd3 d5 8. O-O Nbd7 9. cxd5 exd5 10. Qb3 Bd6 11. Nf5 Be7 12. Qc2 Re8 13. Nxe7+ Qxe7 14. Bd2 Ne4 15. Nxe4 dxe4 16. Be2 Nf6 17. Rfc1 Nd5 18. b4 a6 19. a4 Rac8 20. Qb3 Qg5 21. a5 b5 22. Rc5 Re6 23. f4 exf3 24. Bxf3 Rd8 25. Re1 Red6 26. Bc1 Qg6 27. e4 Nf6 28. e5 Bxf3 29. Qxf3 Re6 30. Rxc7 Nd5 31. Qxd5 1-0


[Site "https://www.chess.com"]

[Event "Titled Tuesday Blitz November 07 Early 2023"]
[White "Boraso, Alessio"]
[Black "Subelj, Jan"]
[WhiteFideId "848077"]
[BlackFideId "14618583"]
[WhiteElo "2468"]
[BlackElo "2862"]
[Result "0-1"]
[Round "1"]
[TimeControl "180+1"]
[Date "2023.11.07"]
[WhiteClock "0:00:00"]
[BlackClock "0:00:21"]
[Board "54"]

1. e4 Nc6 2. Nf3 e6 3. d4 d5 4. e5 f6 5. Bd3 fxe5 6. dxe5 Nge7 7. O-O g6 8. Re1 Bg7 9. c3 O-O 10. Bg5 Qe8 11. Nbd2 h6 12. Bh4 g5 13. Bg3 Nf5 14. Nb3 Nxg3 15. hxg3 g4 16. Nh4 Nxe5 17. Rxe5 Bxe5 18. Ng6 Bg7 19. Nxf8 Qxf8 20. Qxg4 e5 21. Qh5 c6 22. Re1 e4 23. Be2 Bf5 24. Bg4 Bh7 25. Nd4 Bxd4 26. Be6+ Kg7 27. cxd4 Qf6 28. Bh3 Rf8 29. Qe5 Qxe5 30. dxe5 d4 31. b4 Re8 32. f4 e3 33. Bg4 Rd8 34. Kf1 Bd3+ 35. Be2 Be4 36. Bf3 Bxf3 37. gxf3 d3 38. Rb1 Rd4 39. f5 Rc4 40. Re1 e2+ 41. Kf2 d2 42. Kxe2 dxe1=Q+ 43. Kxe1 Rxb4 44. f4 Ra4 45. Ke2 Rxa2+ 46. Kf3 Ra3+ 47. Kg4 Re3 48. f6+ Kg6 49. Kh4 a5 50. g4 a4 51. f5+ Kf7 0-1


[Site "https://www.chess.com"]

[Event "Titled Tuesday Blitz November 07 Early 2023"]
[White "Timofeev, Artyom"]
[Black "Devaev, Alexander"]
[WhiteFideId "4140419"]
[BlackFideId "4169395"]
[WhiteElo "2856"]
[BlackElo "2467"]
[Result "1/2-1/2"]
[Round "1"]
[TimeControl "180+1"]
[Date "2023.11.07"]
[WhiteClock "0:00:18"]
[BlackClock "0:00:18"]
[Board "55"]

1. c4 c5 2. Nf3 Nf6 3. Nc3 e6 4. e4 d6 5. d4 cxd4 6. Nxd4 Nc6 7. g3 Be7 8. Bg2 O-O 9. O-O Ne5 10. b3 a6 11. h3 Re8 12. Be3 Qc7 13. Rc1 Bf8 14. f4 Ng6 15. Kh2 Rb8 16. Qd2 b6 17. f5 Ne5 18. Bg5 Nfd7 19. fxe6 fxe6 20. Kh1 Bb7 21. h4 Nc5 22. Rce1 Ba8 23. Qe2 b5 24. Nf3 Ncd3 25. Nxe5 Nxe5 26. Rc1 bxc4 27. Nd1 Rbc8 28. bxc4 Qa5 29. Ne3 Qa3 30. Bf4 Nd3 31. Rcd1 Ne5 32. h5 h6 33. Rd2 Qa4 34. Bxe5 dxe5 35. Qg4 Bc5 36. Re2 Bxe3 37. Rxe3 Qxc4 38. a3 Rf8 39. Rxf8+ Rxf8 40. Kh2 Rf6 41. Qd1 Qc7 42. Rd3 Bc6 43. Qg4 Be8 44. Rf3 Rxf3 45. Bxf3 Bf7 46. Be2 Qc3 47. Bxa6 Qxa3 48. Be2 Qe3 49. Kg2 Be8 50. Bf3 Qd2+ 51. Kh3 Bf7 52. Bg2 Qe3 53. Bf3 Qd4 54. Be2 Qb2 55. Bf3 Qb8 56. Be2 Qd8 57. Bf3 Qf6 58. Be2 Be8 59. Bf3 Bc6 60. Kg2 Be8 61. Kh3 Bc6 62. Kg2 Bb5 63. Kh2 Bd3 64. Kg2 Bc4 65. Kh2 Bb5 66. Kg2 Be8 67. Kh2 Bc6 68. Kg2 1/2-1/2


[Site "https://www.chess.com"]

[Event "Titled Tuesday Blitz November 07 Early 2023"]
[White "Pinto, Daniel"]
[Black "Rustemov, Alexander"]
[WhiteFideId "3303144"]
[BlackFideId "4119002"]
[WhiteElo "2466"]
[BlackElo "2848"]
[Result "1-0"]
[Round "1"]
[TimeControl "180+1"]
[Date "2023.11.07"]
[WhiteClock "0:00:04"]
[BlackClock "0:00:00"]
[Board "56"]

1. e4 e6 2. d4 d5 3. Nd2 dxe4 4. Nxe4 Bd7 5. Nf3 Bc6 6. Bd3 Nd7 7. O-O Ngf6 8. Qe2 Nxe4 9. Bxe4 Bxe4 10. Qxe4 c6 11. c3 Be7 12. Bf4 O-O 13. Rad1 Qa5 14. a3 Rad8 15. Ne5 Rfe8 16. Rfe1 Qd5 17. Qc2 Nf8 18. b4 Bf6 19. c4 Qd6 20. Bg3 Qe7 21. h3 Ng6 22. Nf3 Qd7 23. Re2 b5 24. Red2 bxc4 25. Qxc4 Ne7 26. Rc1 Rc8 27. Qa6 Nf5 28. Be5 Red8 29. g4 Ne7 30. g5 Bxe5 31. Nxe5 Qc7 32. b5 Nf5 33. Rxc6 Qe7 34. Rxc8 Qxg5+ 35. Kf1 h5 36. Rxd8+ Qxd8 37. d5 Qg5 38. Qc8+ Kh7 39. Qc2 Qf4 40. Nxf7 g6 41. Ke2 Nd4+ 42. Rxd4 Qxd4 43. dxe6 Qd5 44. Qc6 Qd4 45. e7 Qb2+ 46. Kd3 Qb3+ 47. Kd4 Qxf7 48. e8=Q Qxf2+ 49. Qe3 Qb2+ 50. Qec3 Qf2+ 51. Kc4 Qf4+ 52. Kb3 Qf2 53. Qc7+ Kh6 54. Qc1+ g5 55. Q1c6+ 1-0


[Site "https://www.chess.com"]

[Event "Titled Tuesday Blitz November 07 Early 2023"]
[White "Kamsky, Gata"]
[Black "Maus7"]
[WhiteFideId "2000024"]
[WhiteElo "2846"]
[BlackElo "2464"]
[Result "1-0"]
[Round "1"]
[TimeControl "180+1"]
[Date "2023.11.07"]
[WhiteClock "0:01:52"]
[BlackClock "0:00:38"]
[Board "57"]

1. d4 Nf6 2. Bf4 d5 3. e3 e6 4. Nf3 Bd6 5. Bg3 O-O 6. c4 c5 7. Nc3 cxd4 8. Nxd4 b6 9. cxd5 Nxd5 10. Nxd5 Bxg3 11. hxg3 Qxd5 12. Nb5 Qe5 13. Bd3 g6 14. Qf3 Na6 15. Qxa8 Nb4 16. O-O Nxd3 17. Nd4 Nc5 18. Qxa7 Nd7 19. Rac1 Qh5 20. Rxc8 1-0


[Site "https://www.chess.com"]

[Event "Titled Tuesday Blitz November 07 Early 2023"]
[White "Manukyan, Sargis V."]
[Black "Klukin, Kirill"]
[WhiteFideId "13303465"]
[BlackFideId "24199273"]
[WhiteElo "2464"]
[BlackElo "2845"]
[Result "0-1"]
[Round "1"]
[TimeControl "180+1"]
[Date "2023.11.07"]
[WhiteClock "0:00:07"]
[BlackClock "0:00:06"]
[Board "58"]

1. d4 Nf6 2. Nc3 d5 3. Bf4 a6 4. e3 e6 5. Bd3 c5 6. Nf3 Nc6 7. O-O b5 8. dxc5 Bxc5 9. Ne5 Bb7 10. Qf3 Qe7 11. Rad1 O-O 12. Nxc6 Bxc6 13. Bg5 h6 14. Bh4 Rac8 15. Qg3 Kh8 16. Qh3 Bd7 17. Bxf6 Qxf6 18. Nxd5 Qxb2 19. Nf4 Rfd8 20. Nh5 Qe5 21. Nf4 Kg8 22. Qg3 Qg5 23. Qf3 Bc6 24. e4 Bd6 25. Nh3 Qe5 26. g3 Be7 27. Qg2 Bc5 28. Kh1 Rd7 29. Rde1 Rcd8 30. f4 Qc3 31. g4 Rxd3 32. cxd3 Rxd3 33. Nf2 Rd2 34. Rc1 Qd4 35. Kg1 Bxe4 36. Qg3 Bd5 37. f5 Rd3 38. Qxd3 Qxd3 39. Rxc5 Qf3 40. Rxd5 Qxd5 41. Rd1 Qe5 42. fxe6 Qxe6 43. Kg2 Qxa2 44. h4 b4 45. g5 hxg5 46. hxg5 Qe6 47. Kg3 b3 48. Ng4 Qe7 49. Rc1 Qd7 50. Re1 b2 51. Ne5 Qc7 52. Kg4 a5 53. Rd1 a4 54. Kf5 a3 55. Ng4 Qc8+ 56. Kf4 a2 57. Re1 b1=Q 58. Re8+ Qxe8 59. Nf6+ gxf6 60. g6 fxg6 61. Kg3 Qf5 62. Kh4 Qee4+ 63. Kg3 Qeg4+ 64. Kh2 Qfh5# 0-1


[Site "https://www.chess.com"]

[Event "Titled Tuesday Blitz November 07 Early 2023"]
[White "Sychev, Klementy"]
[Black "Savitha Shri B"]
[WhiteFideId "4114060"]
[BlackFideId "35061887"]
[WhiteElo "2844"]
[BlackElo "2464"]
[Result "1-0"]
[Round "1"]
[TimeControl "180+1"]
[Date "2023.11.07"]
[WhiteClock "0:00:08"]
[BlackClock "0:00:30"]
[Board "59"]

1. e4 c5 2. Nf3 e6 3. d4 cxd4 4. Nxd4 a6 5. Bd3 Qc7 6. O-O b5 7. a4 b4 8. Nd2 Bb7 9. Nc4 Nc6 10. Nxc6 Bxc6 11. Qf3 Nf6 12. Re1 Be7 13. Qg3 Qxg3 14. hxg3 d6 15. Bd2 a5 16. e5 dxe5 17. Nxe5 Bd7 18. Nxd7 Nxd7 19. Bb5 Rd8 20. Bf4 O-O 21. Bc7 Rc8 22. Bxa5 Nf6 23. c3 bxc3 24. Bxc3 Nd5 25. Bd4 Bb4 26. Rec1 Ba5 27. Rc4 f6 28. Rac1 Rcd8 29. Bc5 Rf7 30. Ba3 Nb6 31. Rc6 Rfd7 32. b4 Bxb4 33. Bxb4 Nd5 34. Ba5 Ra7 35. Bxd8 Kf7 36. Rc7+ Nxc7 37. Rxc7+ Kg6 38. Rxa7 f5 39. Bc4 h5 40. Bxe6 Kh6 41. Bxf5 h4 42. gxh4 Kh5 43. Bg5 g6 44. Rh7# 1-0


[Site "https://www.chess.com"]

[Event "Titled Tuesday Blitz November 07 Early 2023"]
[White "vishwa_vijeta"]
[Black "Beerdsen, Thomas"]
[BlackFideId "1030108"]
[WhiteElo "2461"]
[BlackElo "2843"]
[Result "0-1"]
[Round "1"]
[TimeControl "180+1"]
[Date "2023.11.07"]
[WhiteClock "0:00:51"]
[BlackClock "0:01:21"]
[Board "60"]

1. e4 e5 2. Nf3 Nc6 3. d4 exd4 4. Nxd4 Nf6 5. Nxc6 bxc6 6. e5 Qe7 7. Qe2 Nd5 8. h4 Qe6 9. g3 d6 10. exd6 cxd6 11. Bg2 Qxe2+ 12. Kxe2 Ba6+ 13. Kd1 Be7 14. Re1 Kd7 15. Bxd5 cxd5 16. Be3 Bf6 17. c3 Rab8 18. Kc1 Rhc8 19. Nd2 d4 20. Bg5 dxc3 21. bxc3 Rxc3+ 22. Kd1 Bxg5 23. hxg5 Rb2 24. Rc1 Rxc1+ 25. Kxc1 Rxa2 26. Rh1 Ra1+ 27. Nb1 Bd3 0-1


[Site "https://www.chess.com"]

[Event "Titled Tuesday Blitz November 07 Early 2023"]
[White "Tarigan, Gilbert Elroy"]
[Black "Mazurkiewicz, Michal"]
[WhiteFideId "7108133"]
[BlackFideId "1124943"]
[WhiteElo "2837"]
[BlackElo "2460"]
[Result "1-0"]
[Round "1"]
[TimeControl "180+1"]
[Date "2023.11.07"]
[WhiteClock "0:00:10"]
[BlackClock "0:00:10"]
[Board "61"]

1. c4 Nf6 2. Nc3 g6 3. Nf3 Bg7 4. g3 O-O 5. Bg2 d6 6. O-O c5 7. b3 Nc6 8. Bb2 Rb8 9. d4 cxd4 10. Nxd4 Nxd4 11. Qxd4 a6 12. a4 Be6 13. a5 Qc7 14. Rfd1 Rfd8 15. Qd2 Qc5 16. Na4 Qh5 17. h4 d5 18. Nb6 dxc4 19. Qxd8+ Rxd8 20. Rxd8+ Bf8 21. Bf3 Qb5 22. Bxf6 exf6 23. bxc4 Qb2 24. Rad1 Kg7 25. R8d2 Qb4 26. Bxb7 Qxa5 27. Nd5 Bc5 28. Nf4 Bxc4 29. Bd5 Qa3 30. Kg2 Bxd5+ 31. Rxd5 Bb4 32. Rd7 Qb3 33. Rb7 Qc4 34. Rdd7 a5 35. Nd5 Bc5 36. Rxf7+ Kh6 37. Rxh7# 1-0


[Site "https://www.chess.com"]

[Event "Titled Tuesday Blitz November 07 Early 2023"]
[White "Kashtanov, Ruslan"]
[Black "mind1mover"]
[WhiteFideId "4124871"]
[WhiteElo "2457"]
[BlackElo "2835"]
[Result "0-1"]
[Round "1"]
[TimeControl "180+1"]
[Date "2023.11.07"]
[WhiteClock "0:00:00"]
[BlackClock "0:00:18"]
[Board "62"]

1. d4 Nf6 2. c4 Nc6 3. Nc3 d5 4. cxd5 Nxd5 5. e4 Nxc3 6. bxc3 e5 7. d5 Nb8 8. Nf3 Bd6 9. Bg5 f6 10. Be3 O-O 11. Be2 Nd7 12. O-O Bc5 13. Bd2 Kh8 14. Qc2 Bd6 15. c4 Nc5 16. Be3 b6 17. Nh4 Bd7 18. g4 g6 19. Bh6 f5 20. Bxf8 Bxf8 21. Ng2 Nxe4 22. Bd3 Nd6 23. gxf5 gxf5 24. f3 Qf6 25. Rae1 Nf7 26. Ne3 Bc5 27. Kh1 Nd6 28. Re2 Rf8 29. Ng2 Rg8 30. Rfe1 Bd4 31. Rf1 f4 32. Qc1 Rg5 33. Qe1 Rh5 34. h4 Bf5 35. Be4 Nxe4 36. fxe4 Bg4 37. Rd2 f3 38. Rxd4 exd4 0-1


[Site "https://www.chess.com"]

[Event "Titled Tuesday Blitz November 07 Early 2023"]
[White "Mikhailovsky, Vladimir"]
[Black "ploxoi"]
[WhiteFideId "34105414"]
[WhiteElo "2835"]
[BlackElo "2455"]
[Result "1-0"]
[Round "1"]
[TimeControl "180+1"]
[Date "2023.11.07"]
[WhiteClock "0:00:07"]
[BlackClock "0:00:02"]
[Board "63"]

1. e4 c5 2. c3 d5 3. exd5 Qxd5 4. d4 Nf6 5. Nf3 e6 6. Nbd2 Nc6 7. Bc4 Qh5 8. Nb3 cxd4 9. Nbxd4 Bd7 10. O-O Rc8 11. Be2 Nxd4 12. Nxd4 Qa5 13. Bf3 b6 14. Re1 Be7 15. g4 h5 16. g5 Ng4 17. h3 Ne5 18. Bb7 Rb8 19. b4 Qa4 20. Qxa4 Bxa4 21. Be4 g6 22. Bf4 Bd6 23. Bxg6 Nxg6 24. Bxd6 Rd8 25. Be5 Nxe5 26. Rxe5 Rg8 27. h4 Rc8 28. Re3 Bd7 29. Rd1 Rc7 30. Nf5 Kd8 31. Nd6 Ke7 32. Rf3 Rf8 33. Rfd3 Bc6 34. Re3 Ba4 35. Rd4 Bd7 36. Nf5+ Kd8 37. Ng7 Kc8 38. Nxh5 Rh8 39. Nf6 Bc6 40. f3 a5 41. a3 axb4 42. axb4 Kb7 43. Kf2 Ra8 44. h5 Ra2+ 45. Re2 Ra3 46. Re3 e5 47. Rd6 Ra2+ 48. Kg3 Ra1 49. h6 Rg1+ 50. Kh2 Rg4 51. fxg4 1-0


[Site "https://www.chess.com"]

[Event "Titled Tuesday Blitz November 07 Early 2023"]
[White "Escudero Donoso, Felipe"]
[Black "Yanchenko, Roman"]
[WhiteFideId "3410595"]
[BlackFideId "4137329"]
[WhiteElo "2453"]
[BlackElo "2833"]
[Result "0-1"]
[Round "1"]
[TimeControl "180+1"]
[Date "2023.11.07"]
[WhiteClock "0:00:20"]
[BlackClock "0:00:47"]
[Board "64"]

1. d4 d5 2. c4 c6 3. cxd5 cxd5 4. Nc3 Nc6 5. Bf4 Nf6 6. e3 a6 7. Bd3 Bg4 8. f3 Bh5 9. Nge2 Bg6 10. O-O e6 11. Rc1 Bd6 12. Na4 O-O 13. Nc5 Bxc5 14. Rxc5 Qb6 15. b3 e5 16. Bxg6 hxg6 17. Bg3 Rfe8 18. Bf2 e4 19. f4 Nb4 20. Qd2 Nd3 21. Rc3 Rac8 22. Nc1 Rxc3 23. Qxc3 Qb4 24. Qc2 Qb5 25. a4 Nb4 26. Qc3 Qb6 27. Be1 a5 28. Bh4 Qe6 29. Qc5 b6 30. Qb5 Rc8 31. Ne2 Ng4 32. Bf2 Nd3 33. h3 Ngxf2 34. Rxf2 Nxf2 35. Kxf2 Qc6 36. Qa6 Ra8 37. Qb5 Qxb5 38. axb5 Rc8 39. Ke1 Rc2 40. Kd1 Rb2 41. Nc3 Rxb3 42. Nxd5 a4 43. Kc2 Rxb5 44. Nc3 Rb4 45. Nxe4 a3 46. Nc3 Rb2+ 47. Kc1 b5 48. d5 b4 49. Na4 Re2 50. d6 a2 0-1


[Site "https://www.chess.com"]

[Event "Titled Tuesday Blitz November 07 Early 2023"]
[White "ChessBrainiacOnTwitch"]
[Black "Haitin, Ilja"]
[BlackFideId "4501764"]
[WhiteElo "2831"]
[BlackElo "2452"]
[Result "0-1"]
[Round "1"]
[TimeControl "180+1"]
[Date "2023.11.07"]
[WhiteClock "0:00:17"]
[BlackClock "0:00:05"]
[Board "65"]

1. e4 e5 2. Nf3 Nc6 3. Bc4 d6 4. d4 Nf6 5. Nc3 Be7 6. O-O Bg4 7. dxe5 dxe5 8. Be3 Qxd1 9. Rfxd1 O-O 10. h3 Bxf3 11. gxf3 Rad8 12. f4 Bb4 13. f3 Bxc3 14. bxc3 Nh5 15. fxe5 Nxe5 16. Be2 Ng3 17. Kf2 Nxe2 18. Kxe2 Nc4 19. Bxa7 b6 20. Rxd8 Rxd8 21. Rd1 Ra8 22. Rd7 Rc8 23. Rd4 Na5 24. Rd7 Nc6 25. Ke3 Nxa7 26. Kd4 Kf8 27. Kc4 Ke8 28. Rd5 Nc6 29. Kb5 Ne7 30. Rg5 g6 31. f4 Ra8 32. Rg2 Rxa2 33. c4 Rb2+ 34. Ka6 Rb4 35. Kb7 Rxc4 36. Re2 Kd7 37. Rd2+ Ke6 38. e5 Rxf4 39. Kxc7 Nd5+ 40. Kc6 Ne7+ 41. Kxb6 Kxe5 42. Re2+ Kd6 43. Rd2+ Nd5+ 44. Kb5 Rb4+ 45. Ka5 Rc4 46. Kb5 Rc5+ 47. Ka4 Kc6 48. Kb3 Rc3+ 49. Kb2 Rxh3 50. Re2 f5 51. Re8 Kd6 52. c4 Ne3 53. Rh8 Nxc4+ 54. Kc2 Ne5 55. Kd2 Ke6 56. Ke2 Kf6 57. Kf2 Kg5 58. Kg2 Rh4 59. Kg3 f4+ 60. Kg2 Kg4 61. Re8 Nc4 62. Rf8 Ne3+ 63. Kg1 g5 64. Re8 h6 65. Rh8 Kg3 66. Rb8 Kg4 67. Rb2 Rh3 68. Rb8 Rg3+ 69. Kh2 Rg2+ 70. Kh1 Ra2 71. Rb1 f3 72. Rb4+ Kg3 73. Rb1 Rh2+ 74. Kg1 f2# 0-1


[Site "https://www.chess.com"]

[Event "Titled Tuesday Blitz November 07 Early 2023"]
[White "McBryde, Lamel"]
[Black "Pendos666"]
[WhiteFideId "2058596"]
[WhiteElo "2449"]
[BlackElo "2830"]
[Result "0-1"]
[Round "1"]
[TimeControl "180+1"]
[Date "2023.11.07"]
[WhiteClock "0:00:08"]
[BlackClock "0:00:54"]
[Board "66"]

1. Nf3 g6 2. d4 Bg7 3. e3 d6 4. Bd3 Nd7 5. Nbd2 e5 6. c4 Ngf6 7. Qc2 O-O 8. O-O Re8 9. b3 exd4 10. exd4 Nf8 11. Bb2 Nh5 12. g3 Bh3 13. Rfe1 h6 14. d5 Bxb2 15. Qxb2 Qf6 16. Qc2 Nd7 17. b4 Ne5 18. Nxe5 Rxe5 19. Rxe5 Qxe5 20. Rb1 Re8 21. Nf1 Kg7 22. Ne3 Nf6 23. Re1 Qd4 24. Rd1 Qe5 25. Re1 Kh7 26. Bf1 Bxf1 27. Rxf1 Ne4 28. Qd3 f5 29. Ng2 Qc3 30. Qxc3 Nxc3 31. Re1 Rxe1+ 32. Nxe1 Nxa2 33. Nd3 g5 34. f3 Nc3 35. Kf2 b5 36. cxb5 Nxd5 0-1


[Site "https://www.chess.com"]